 Dungeon Crawl Stone Soup version 0.21-a0-228-g14ccbf3 (webtiles) character file.

9 Gorglomux the Insei (level 2, 0/21 HPs)
             Began as a Gnoll Transmuter on Aug 31, 2017.
             Slain by an adder (4 damage)
             ... on level 2 of the Dungeon.
             The game lasted 00:01:31 (936 turns).

Gorglomux the Insei (Gnoll Transmuter)               Turns: 936, Time: 00:01:32

Health: 0/21       AC:  2    Str:  7    XL:     2   Next: 16%
Magic:  6/6        EV: 12    Int:  7    God:
Gold:   84         SH:  0    Dex:  7    Spells: 5/8 levels left

rFire    . . .     SeeInvis .     - Unarmed
rCold    . . .     Gourm    .   (no shield)
rNeg     . . .     Faith    .   b - +0 robe
rPois    .         Spirit   .   (no helmet)
rElec    .         Reflect  .   (no cloak)
rCorr    .         Harm     .   (no gloves)
MR       .....     Rnd*Tele +   (no boots)
Stlth    +.........             (no amulet)
HPRegen  0.07/turn              t - ring of teleportation (curse)
MPRegen  0.10/turn              (no ring)

@: mighty, lethally poisoned (0 -> -12), appendage (expiring)
A: unchanging attributes, fangs 1, horns 2, strong nose
a: End Transformation


You were on level 2 of the Dungeon.
You were not hungry.
You had grown temporary horns.
You visited 1 branch of the dungeon, and saw 2 of its levels.

You collected 84 gold pieces.

Inventory:

Missiles
 a - 26 arrows
Armour
 b - a +0 robe (worn)
Jewellery
 t - a cursed ring of teleportation (left hand)
Scrolls
 u - 4 scrolls of remove curse {unknown}
 v - a scroll of teleportation {unknown}
 x - a scroll of immolation {unknown}
Potions
 w - a potion of lignification {unknown}
Books
 c - a book of Changes

   Spells                             Type                      Level
   a - Beastly Appendage              Transmutation                1
   b - Sticks to Snakes               Transmutation                2
   c - Spider Form                    Transmutation/Poison         3
   d - Ice Form                       Ice/Transmutation            4
   e - Blade Hands                    Transmutation                5
Comestibles
 d - a bread ration
 g - a fruit


   Skills:
 - Level 1.3 Fighting
 - Level 2.6 Dodging
 - Level 4.0 Unarmed Combat
 + Level 3.6 Spellcasting
 + Level 3.1 Transmutations


You had 5 spell levels left.
You knew the following spells:

 Your Spells              Type           Power        Failure   Level  Hunger
a - Beastly Appendage     Tmut           #.....       9%          1    ##.....
b - Sticks to Snakes      Tmut           #.......     14%         2    ###....


Dungeon Overview and Level Annotations

Branches:
Dungeon (2/15)

Altars:


Innate Abilities, Weirdness & Mutations

Your physical attributes are unchanging.
You have very sharp teeth.
Your uncanny sense of smell can sniff out nearby items.
You have a pair of horns on your head.


Message History

The adder is butt-ly wounded!
The adder bites you!
You are poisoned!
The adder poisons you!!! The adder bites you!
You are butt-ly poisoned!!!
The adder poisons you!!!
You barely miss the adder!
The adder is heavily wounded!
You feel sick! The adder butts you! * * * don't die
* * *
There is a lethal amount of poison in your body!!!
You are too injured to fight recklessly!!!
You are too butt to fight recklessly!!!
Unknown command!
Unknown command!
It was a potion of might!
You feel very mighty all of a sudden! * * * don't die
* * * You feel sick!
The adder bites you! rip

#####.##.# #....##(#
#.##.##.# #.##.##.#
#.##.##.#
#.#####.##.##.# #
#>............#####.#.#.
#######................$
####)#.###@##.... #..##
##S# # #.## #.# #.. .#
#.# . ##. #. # #. ##


You could see an adder.

Vanquished Creatures
  A goblin (D:1)
  2 bats (D:1)
  2 kobolds (D:1)
  6 rats
11 creatures vanquished.

Notes
Turn   | Place    | Note
-------+----------+-------------------------------------------
     0 | D:1      | Gorglomux the Gnoll Transmuter began the quest for the Orb.
     0 | D:1      | Reached XP level 1. HP: 15/15 MP: 4/4
   401 | D:1      | Reached skill level 3 in Transmutations
   508 | D:1      | Reached XP level 2. HP: 21/21 MP: 6/6
   789 | D:1      | Learned a level 2 spell: Sticks to Snakes
   936 | D:2      | Slain by an adder

Vault maps used:
D:1:      kennysheep_arrival_seaside, hangedman_decor_clover_reticule

Skill      XL: |  1 |
---------------+----+-----
Transmutations | 3 |  3.1
Fighting       | |  1.3
Dodging        | |  2.6
Unarmed Combat | |  4.0
Spellcasting   | |  3.6

Action                   || total
-------------------------++-------
Melee: Unarmed           ||    45
       Bite              ||     1
       Headbutt          ||     2
 Cast: Beastly Appendage ||     1
  Use: Potion            ||     1
Armor: Robe              ||    10
Dodge: Dodged            ||    40

Table legend:
 A = Spawn XP
 B = Non-spawn XP
 C = Spawn XP percentage of total XP
 D = Spawn monster count
 E = Non-spawn monster count
 F = Spawn count percentage of total count
 G = Total turns spent on level
                    A         B        C        D         E        F      G
               +---------+---------+-------+---------+---------+-------+---------
         Total |       6 |       8 |  42.9 |       4 |       7 |  36.4 |   936
               +---------+---------+-------+---------+---------+-------+---------
           D:1 |       6 |       7 |  46.2 |       4 |       6 |  40.0 |   879
           D:2 |       0 |       1 |   0.0 |       0 |       1 |   0.0 |    57
               +---------+---------+-------+---------+---------+-------+---------
